 Dungeon Crawl Stone Soup version 0.22.1-1-ga44c0e56f4 (webtiles) character file.

106 Kaderl the Slasher (level 4, -2/37 HPs)
             Began as a Merfolk Fighter on Oct 3, 2018.
             Killed by nerve-wracking pain
             ... invoked by Grinder
              (10 damage)
             ... on level 2 of the Dungeon.
             The game lasted 00:03:48 (1931 turns).

Kaderl the Slasher (Merfolk Fighter)                Turns: 1931, Time: 00:03:49

Health: -2/37      AC:  7    Str: 17    XL:     4   Next: 84%
Magic:  4/4        EV:  7    Int:  7    God:
Gold:   124        SH:  9    Dex: 13    Spells: 3/3 levels left

rFire    . . .     SeeInvis .   a - +0 long sword
rCold    . . .     Gourm    .   c - +0 shield
rNeg     . . .     Faith    .   b - +0 scale mail
rPois    .         Spirit   .   (no helmet)
rElec    .         Reflect  .   (no cloak)
rCorr    .         Harm     .   o - +0 pair of gloves
MR       .....                  (no boots)
Stlth    ..........             (no amulet)
HPRegen  0.12/turn              (no ring)
MPRegen  0.09/turn              (no ring)

@: no status effects
A: change form in water, swift swim, stealthy swim
a: no special abilities


You were on level 2 of the Dungeon.
You were not hungry.

You visited 1 branch of the dungeon, and saw 3 of its levels.

You collected 124 gold pieces.

Inventory:

Hand Weapons
 a - a +0 long sword (weapon)
Armour
 b - a +0 scale mail (worn)
 c - a +0 shield (worn)
 o - a +0 pair of gloves (worn)
Scrolls
 e - a scroll of fog {unknown}
 i - a scroll of magic mapping {unknown}
 k - a scroll of identify {unknown}
 n - a scroll of enchant armour {unknown}
 p - a scroll of remove curse {unknown}
Potions
 d - a potion of might
 h - 4 potions of curing {unknown}
 j - 3 potions of lignification {unknown}
 l - 3 potions of heal wounds {unknown}
 m - a potion of invisibility {unknown}
Comestibles
 f - 4 rations


   Skills:
 + Level 3.6 Fighting
 + Level 3.7 Long Blades
 + Level 2.7 Armour
 + Level 1.3 Dodging
 + Level 0.2 Stealth
 + Level 3.4 Shields


You had 3 spell levels left.
You didn't know any spells.
Your spell library was empty.

Dungeon Overview and Level Annotations

Branches:
Dungeon (3/15)

Altars:

Annotations:
D:2 Grinder


Message History

Grinder rolls her eyes.
Grinder gestures at you. You resist with significant effort.
Grinder blinks!
Grinder gestures at you. You resist with significant effort.
Grinder gestures at you.
You suddenly lose the ability to move!
Grinder gestures at you.
You barely resist.
You can move again.
Grinder gestures at you. Pain shoots through your body!
* * * LOW HITPOINT WARNING * * *
Grinder gestures at you.
You barely resist.
You see here a short sword.
Grinder gestures at you. Pain shoots through your body!
You die...

#.#.########5# #...
##....# #)# #... #.....#
#.# #... #..##.# ####.#
#... ####.....# #....#
#... #.##..#.## #.####
#... ###'##..#.#####.#
#...
#.......#.....#.######...
#......>@....5...........
#.......#.#####.######...
#.......#.## #.# ####
#.....)....####.# ######
#...............# ##.....
#............##.###......
#............##.##.......
#..........(.####........
#............###.........


You could see Grinder.

Vanquished Creatures
  6 adders
  2 worms (D:3)
  2 dart slugs
  2 leopard geckos
  A ball python (D:3)
  2 giant cockroaches
  7 goblins
  5 hobgoblins
  A quokka (D:3)
  4 bats
  2 frilled lizards (D:2)
  5 kobolds
  4 rats
43 creatures vanquished.

Vanquished Creatures (others)
  A frilled lizard (D:1)
1 creature vanquished.

Grand Total: 44 creatures vanquished

Notes
Turn   | Place    | Note
-------+----------+-------------------------------------------
     0 | D:1      | Kaderl the Merfolk Fighter began the quest for the Orb.
     0 | D:1      | Reached XP level 1. HP: 18/18 MP: 1/1
    38 | D:1      | Reached XP level 2. HP: 12/24 MP: 2/2
   876 | D:2      | Reached XP level 3. HP: 22/29 MP: 3/3
  1136 | D:2      | Reached XP level 4. HP: 33/36 MP: 4/4
  1336 | D:3      | Reached skill level 1 in Dodging
  1701 | D:3      | Noticed Grinder
  1913 | D:2      | Paralysed by Grinder for 3 turns
  1931 | D:2      | Killed from afar by Grinder

Skill      XL: |  1  2  3  4 |
---------------+-------------+-----
Long Blades    | 3 |  3.7
Dodging        | 1 |  1.3
Fighting       | |  3.6
Armour         | |  2.7
Stealth        | |  0.2
Shields        | |  3.4

Action                   |  1- 3 |  4- 6 || total
-------------------------+-------+-------++-------
Melee: Long sword        |    87 |    98 ||   185
  Use: Scroll            |       |     2 ||     2
  Eat: Ration            |     1 |       ||     1
Armor: Scale mail        |    24 |    46 ||    70
Dodge: Dodged            |    34 |    38 ||    72
Block: Shield            |    38 |    62 ||   100
       Rpst.: Long sword |    11 |     9 ||    20
